AoeStats
← |GaoeG| flamingo

Nomad

509740028Analyzed
2v2 RM · 3d ago on Sep 27, 2026· 36m 11s· 4 players
Game mode
Random Map
Map size
176×176
Population
200
Speed
Normal
Resources
Standard
Victory
Conquest
Starting age
Dark Age
Ending age
Imperial Age
RankedLock teamsTeams togetherTeam positionsShared explorationLock speedFull tech treeHidden civsTurbo modeCheats
Victory
Defeat
🇪🇸 Koreans · Spain
1320
+17
🇪🇸 Berbers · Spain
1210
+21
🇧🇷 Wu · Brazil
1342
-19
🇧🇷 Danes · Brazil
1322
-19
|GaoeG| flamingo
3:24 Loom
14:34 Feudal Age
16:04 Double-Bit Axe
18:43 Castle Age
17:00 Horse Collar
17:20 Fletching
17:22 Gold Mining
20:22 Bow Saw
22:24 Town Watch
23:15 Wheelbarrow
25:00 Heavy Plow
28:24 Scale Barding Armor
29:45 Bloodlines
31:59 Husbandry
33:23 Chain Barding Armor
JITANOmaleant7
4:21 Loom
13:19 Feudal Age
17:26 Castle Age
17:07 Double-Bit Axe
17:17 Gold Mining
19:43 Fletching
20:36 Bodkin Arrow
33:42 Wheelbarrow
36:16 Ballistics
Borborema
3:43 Loom
14:05 Feudal Age
18:53 Castle Age
17:49 Double-Bit Axe
18:00 Gold Mining
20:52 Forging
20:44 Squires
28:50 Scale Mail Armor
31:45 Fletching
Bill
8:53 Loom
14:18 Feudal Age
15:30 Double-Bit Axe
16:01 Fletching
20:30 Castle Age
18:54 Gold Mining
19:28 Fishing Lines
22:45 Bodkin Arrow
24:11 Squires
24:15 Scale Mail Armor
26:04 Chain Mail Armor
27:32 Forging
32:44 Gillnets
Connection lost

Rejoining the realm…

Still unreachable

The connection could not be restored.

Session expired

The server has moved on; the page needs a fresh start.